[Event "Titled Tuesday Blitz November 29 Late 2022"]
[White "Chirilov, James A"]
[Black "Mohammed, Zozek Salah Mohammed"]
[WhiteFideId "30976677"]
[BlackFideId "4803361"]
[WhiteElo "1790"]
[BlackElo "2199"]
[Result "0-1"]
[Round "01"]
[TimeControl "180+1"]
[Date "2022.11.30"]
[WhiteClock "0:00:01"]
[BlackClock "0:00:54"]

1. e4 c5 2. Nf3 d6 3. d4 cxd4 4. Nxd4 Nf6 5. Nc3 a6 6. Nb3 e5 7. Bg5 Be6 8. Be2 Be7 9. Qd2 Nbd7 10. O-O-O b5 11. Bxf6 Nxf6 12. a3 Rc8 13. Bf3 Bxb3 14. cxb3 Nxe4 15. Qc2 Nxc3 16. bxc3 O-O 17. Kb2 Qc7 18. Qd3 f5 19. Bd5+ Kh8 20. f3 Bf6 21. Rc1 Qc5 22. Ka2 a5 23. Be6 e4 24. fxe4 fxe4 25. Qxe4 Rce8 26. Rhe1 Bxc3 27. Re2 b4 28. a4 Qg5 29. Rd1 Be5 30. Bc4 Rf4 31. Qc6 Ref8 32. Qd5 Qh6 33. g3 Rf2 34. Re1 Rxe2+ 35. Rxe2 Qc1 36. Rxe5 dxe5 37. Qxe5 Rf2+ 38. Be2 Qd2+ 39. Ka1 Qe1+ 40. Bd1 Qxd1# 0-1


[Site "https://www.chess.com"]

[Event "Titled Tuesday Blitz November 29 Late 2022"]
[White "Curtis, John"]
[Black "O`Gorman, Tom"]
[WhiteFideId "3200256"]
[BlackFideId "2508249"]
[WhiteElo "2203"]
[BlackElo "2271"]
[Result "0-1"]
[Round "01"]
[TimeControl "180+1"]
[Date "2022.11.30"]
[WhiteClock "0:00:10"]
[BlackClock "0:00:38"]

1. e4 c5 2. Nf3 d6 3. d4 cxd4 4. Nxd4 Nf6 5. Nc3 a6 6. Bg5 e6 7. Qf3 Nbd7 8. O-O-O Qc7 9. Qg3 b5 10. Bd3 Bb7 11. Rhe1 h6 12. Bxf6 Nxf6 13. f4 b4 14. Na4 Rc8 15. e5 dxe5 16. Nxe6 fxe6 17. Bg6+ Ke7 18. fxe5 Nd5 19. Qh4+ Kd7 20. Rf1 Be7 21. Rf7 Rhe8 22. Rxg7 Qxe5 23. Bxe8+ Rxe8 24. Nc5+ Kc8 25. Rxe7 Rxe7 26. Nxb7 Kxb7 27. Qxh6 Qe3+ 28. Kb1 Qxh6 0-1


[Site "https://www.chess.com"]

[Event "Titled Tuesday Blitz November 29 Late 2022"]
[White "Danielyan, Vahe"]
[Black "Floresvillar Gonzalez, Luis Migu"]
[WhiteFideId "13304828"]
[BlackFideId "5100542"]
[WhiteElo "2423"]
[BlackElo "2040"]
[Result "1-0"]
[Round "01"]
[TimeControl "180+1"]
[Date "2022.11.30"]
[WhiteClock "0:01:41"]
[BlackClock "0:00:07"]

1. e4 c6 2. d3 d5 3. Nd2 Nf6 4. Ngf3 Bg4 5. g3 Nbd7 6. Bg2 Ne5 7. O-O dxe4 8. dxe4 e6 9. c3 Nxf3+ 10. Bxf3 Bxf3 11. Qxf3 Be7 12. e5 Nd7 13. Nc4 O-O 14. Bf4 b5 15. Nd6 Bxd6 16. exd6 e5 17. Be3 c5 18. Rad1 Qf6 19. Qc6 Rfd8 20. h4 h6 21. Qxb5 Rab8 22. Qa5 Rxb2 23. Qxa7 e4 24. Kg2 Qf3+ 25. Kg1 Ne5 26. Qe7 Qf6 27. Qxf6 gxf6 28. a4 Ra2 29. Ra1 Rxa1 30. Rxa1 Rxd6 31. Bxc5 Nf3+ 32. Kg2 Rd3 33. a5 Rxc3 34. Be3 Rc8 35. a6 Ra8 36. a7 Ne5 37. Rb1 Kg7 38. Rb8 1-0


[Site "https://www.chess.com"]

[Event "Titled Tuesday Blitz November 29 Late 2022"]
[White "Delorme, Alban"]
[Black "Boyer, Mahel"]
[WhiteFideId "623636"]
[BlackFideId "45102422"]
[WhiteElo "2197"]
[BlackElo "2454"]
[Result "0-1"]
[Round "01"]
[TimeControl "180+1"]
[Date "2022.11.30"]
[WhiteClock "0:01:38"]
[BlackClock "0:01:24"]

1. d4 e5 2. dxe5 Nc6 3. Nf3 d6 4. e4 Bg4 5. Be2 dxe5 6. O-O Nf6 7. c3 Qxd1 8. Rxd1 Nxe4 9. Be3 Bc5 10. Bxc5 Nxc5 11. Nbd2 f6 12. Nb3 Nxb3 13. axb3 a5 14. Bb5 Ke7 15. Bxc6 bxc6 16. Ra4 Bxf3 17. gxf3 Rhb8 18. Rc4 Ra6 19. b4 axb4 20. cxb4 Rab6 21. Rdc1 Kd7 22. Rd1+ Kc8 23. Rdc1 Rxb4 24. Rxc6 R8b7 25. R1c2 Rxb2 26. Rxc7+ Rxc7 27. Rxb2 Kd7 28. Kg2 Ke6 29. Rb6+ Kf5 30. Kg3 Rc3 31. Rb5 g5 32. Ra5 h5 33. Kg2 Kf4 34. Ra4+ Kf5 35. Ra5 Rc4 36. Rb5 Ra4 37. Rc5 Ra6 38. Rc4 Ra5 39. Rb4 Rc5 40. Ra4 Rd5 41. Rb4 Rd4 42. Rb6 Rd3 43. Rb4 g4 44. fxg4+ hxg4 45. Ra4 Kg5 46. Ra5 Rb3 47. Rc5 Kf4 48. Rc4+ e4 49. Ra4 Rb2 50. Rc4 f5 51. Ra4 Kg5 52. Ra3 Kf4 53. Ra4 Kg5 54. Ra3 f4 55. Ra4 e3 56. Ra5+ Kh4 0-1


[Site "https://www.chess.com"]

[Event "Titled Tuesday Blitz November 29 Late 2022"]
[White "Di Berardino, Diego Rafael"]
[Black "Zeman, Matyas"]
[WhiteFideId "2105446"]
[BlackFideId "364398"]
[WhiteElo "2442"]
[BlackElo "2254"]
[Result "0-1"]
[Round "01"]
[TimeControl "180+1"]
[Date "2022.11.30"]
[WhiteClock "0:00:11"]
[BlackClock "0:00:32"]

1. e4 c6 2. d4 d5 3. exd5 cxd5 4. c4 Nf6 5. Nc3 Be6 6. Bg5 Nc6 7. Be2 Qa5 8. Bf3 Rd8 9. Bd2 Qa6 10. cxd5 Nxd5 11. Nge2 g6 12. O-O Bg7 13. Bxd5 Bxd5 14. Nf4 Bc4 15. d5 Bxf1 16. dxc6 bxc6 17. Ne4 Bc4 18. Qc2 O-O 19. Rc1 Bd3 20. Nxd3 Qxd3 21. Qxd3 Rxd3 22. Be3 Bxb2 23. Rb1 Bd4 24. Bh6 Rd8 25. g3 Bg7 26. Bxg7 Rd1+ 27. Rxd1 Rxd1+ 28. Kg2 Kxg7 29. Nc3 Rc1 30. Ne4 f5 31. Ng5 Ra1 32. Ne6+ Kf6 33. Nd4 Rxa2 34. Nxc6 a5 35. Nd4 a4 36. Nb5 Rb2 37. Na3 Rb3 38. Nc4 a3 39. Nd2 Rb2 40. Nc4 a2 41. Nxb2 a1=Q 42. Nd3 Qa8+ 43. Kh3 e5 44. Nc5 g5 45. f3 Qxf3 46. Ne4+ Qxe4 0-1


[Site "https://www.chess.com"]

[Event "Titled Tuesday Blitz November 29 Late 2022"]
[White "Dias, Joao Batista"]
[Black "Aghasiyev, Kamal"]
[WhiteFideId "2108240"]
[BlackFideId "13402854"]
[WhiteElo "1898"]
[BlackElo "2341"]
[Result "0-1"]
[Round "01"]
[TimeControl "180+1"]
[Date "2022.11.30"]
[WhiteClock "0:01:03"]
[BlackClock "0:01:57"]

1. e4 e5 2. Nf3 Nc6 3. d4 exd4 4. Nxd4 Bc5 5. Nb3 Bb6 6. Nc3 d6 7. Qe2 Nf6 8. Be3 Be6 9. O-O-O Qe7 10. h3 O-O-O 11. f4 Kb8 12. Bxb6 axb6 13. g4 h6 14. Bg2 g5 15. f5 Bc8 16. Rhe1 h5 17. Nd5 Nxd5 18. exd5 Qxe2 19. Rxe2 Ne5 20. Rd4 hxg4 21. hxg4 Rh4 22. Ree4 Bd7 23. a4 Rh2 24. Bf1 Rh1 25. Rd1 Rg1 26. Be2 Rg2 27. Nd4 Rh8 28. b3 Rhh2 29. Re1 c5 30. dxc6 bxc6 31. Kb2 f6 32. Ka3 c5 33. Nf3 Nxf3 34. Bxf3 Rxc2 35. b4 Rc3# 0-1


[Site "https://www.chess.com"]

[Event "Titled Tuesday Blitz November 29 Late 2022"]
[White "Domingo Nunez, Ruben"]
[Black "Joubert, Dantelle"]
[WhiteFideId "22245570"]
[BlackFideId "14310813"]
[WhiteElo "2406"]
[BlackElo "1507"]
[Result "1-0"]
[Round "01"]
[TimeControl "180+1"]
[Date "2022.11.30"]
[WhiteClock "0:00:25"]
[BlackClock "0:00:32"]

1. e4 e5 2. Nf3 Nc6 3. Bc4 Bc5 4. c3 Nf6 5. d3 O-O 6. O-O d5 7. exd5 Nxd5 8. Re1 Nb6 9. Bb5 Bg4 10. h3 Bh5 11. Bxc6 bxc6 12. Rxe5 Bxf3 13. Qxf3 Re8 14. Bf4 Bd6 15. Rxe8+ Qxe8 16. Nd2 Bxf4 17. Qxf4 Qe2 18. Qe3 Re8 19. Qxe2 Rxe2 20. Rd1 Nd5 21. Kf1 Re8 22. Nc4 f6 23. Na5 c5 24. Nb3 Re5 25. g3 Nb6 26. f4 Rf5 27. Kg2 c4 28. Nd4 Ra5 29. a3 cxd3 30. Nc6 Rb5 31. b4 Rd5 32. Ne7+ 1-0


[Site "https://www.chess.com"]

[Event "Titled Tuesday Blitz November 29 Late 2022"]
[White "Droin, Augustin"]
[Black "Korobov, Anton"]
[WhiteFideId "45105987"]
[BlackFideId "14105730"]
[WhiteElo "2518"]
[BlackElo "3006"]
[Result "0-1"]
[Round "01"]
[TimeControl "180+1"]
[Date "2022.11.30"]
[WhiteClock "0:00:58"]
[BlackClock "0:01:51"]

1. e4 c5 2. Nf3 d6 3. d4 cxd4 4. Nxd4 Nf6 5. Nc3 a6 6. Rg1 h5 7. Bg5 Nc6 8. f3 Qb6 9. Nde2 Qxb2 10. Bxf6 gxf6 11. Nd5 Rb8 12. Nc7+ Kd8 13. Nd5 e6 14. Ne3 Kc7 15. c3 Qb6 16. Nc4 Qc5 17. Nd4 b5 18. Nd2 Bh6 19. Rc1 Bd7 20. N2b3 Qe5 21. Rc2 Qxh2 22. Ne2 Be3 0-1


[Site "https://www.chess.com"]

[Event "Titled Tuesday Blitz November 29 Late 2022"]
[White "Dylag, Emilia"]
[Black "Fernandez De La Vara, Arnaldo"]
[WhiteFideId "21805172"]
[BlackFideId "3518388"]
[WhiteElo "1878"]
[BlackElo "2387"]
[Result "0-1"]
[Round "01"]
[TimeControl "180+1"]
[Date "2022.11.30"]
[WhiteClock "0:00:01"]
[BlackClock "0:00:19"]

1. d4 c5 2. d5 Nf6 3. c4 b5 4. Qc2 bxc4 5. e4 e6 6. Bxc4 d6 7. Nf3 Be7 8. O-O exd5 9. exd5 Nbd7 10. Re1 Nb6 11. Na3 O-O 12. Bg5 h6 13. Bh4 Bg4 14. Re3 Nfxd5 15. Bxe7 Nxe3 16. Qe4 Re8 17. fxe3 Bxf3 18. Bxd8 Bxe4 19. Bc7 Nxc4 20. Nxc4 d5 21. Na5 Re6 22. Nb3 Rae8 23. Nxc5 Rc6 24. Nxe4 Rxc7 25. Nc3 Rc5 26. Kf2 Rb8 27. Na4 Rc2+ 28. Kf3 d4 29. b3 dxe3 0-1


[Site "https://www.chess.com"]

[Event "Titled Tuesday Blitz November 29 Late 2022"]
[White "Dzierzak, Radoslaw"]
[Black "Wirig, Anthony"]
[WhiteFideId "1161407"]
[BlackFideId "615013"]
[WhiteElo "2493"]
[BlackElo "2910"]
[Result "0-1"]
[Round "01"]
[TimeControl "180+1"]
[Date "2022.11.30"]
[WhiteClock "0:00:07"]
[BlackClock "0:00:15"]

1. e4 c5 2. Nf3 e6 3. d4 cxd4 4. Nxd4 Nf6 5. Nc3 Nc6 6. g3 Bb4 7. Bg2 O-O 8. O-O d6 9. Nb3 e5 10. Ne2 h6 11. a3 Bc5 12. Nxc5 dxc5 13. h3 b6 14. c3 Be6 15. b4 Bc4 16. Qxd8 Rfxd8 17. Re1 Bd3 18. f3 cxb4 19. axb4 a5 20. Be3 Rdb8 21. Nc1 Bc4 22. Bf1 Bxf1 23. Kxf1 axb4 24. Rxa8 Rxa8 25. cxb4 Nxb4 26. Bxb6 Rc8 27. Be3 Nc2 28. Ke2 Nxe1 29. Kxe1 Rc3 30. Ke2 Nh5 31. Bf2 Rxc1 0-1


[Site "https://www.chess.com"]

[Event "Titled Tuesday Blitz November 29 Late 2022"]
[White "Fedoseev, Vladimir"]
[Black "Aguilar, Juan"]
[WhiteFideId "24130737"]
[BlackFideId "3800091"]
[WhiteElo "3036"]
[BlackElo "2519"]
[Result "1-0"]
[Round "01"]
[TimeControl "180+1"]
[Date "2022.11.30"]
[WhiteClock "0:01:18"]
[BlackClock "0:01:41"]

1. e4 c5 2. Nf3 d6 3. d4 cxd4 4. Qxd4 Nc6 5. Qe3 g6 6. Bc4 Bg7 7. O-O Nf6 8. h3 O-O 9. Rd1 Nd7 10. Nc3 Nde5 11. Nxe5 Nxe5 12. Bb3 Bd7 13. Nd5 Rc8 14. Qxa7 Bc6 15. c3 Kh8 16. Bg5 f6 17. Be3 f5 18. exf5 Rxf5 19. Qb6 Qf8 20. Qb4 Bh6 21. Bxh6 Qxh6 22. Nxe7 Bxg2 23. Nxf5 Qxh3 24. f4 Ng4 25. Qd4+ 1-0


[Site "https://www.chess.com"]

[Event "Titled Tuesday Blitz November 29 Late 2022"]
[White "Fernandez Guillen, Ernesto J."]
[Black "Qashashvili, Alexandre"]
[WhiteFideId "3512428"]
[BlackFideId "13600842"]
[WhiteElo "2450"]
[BlackElo "2405"]
[Result "1-0"]
[Round "01"]
[TimeControl "180+1"]
[Date "2022.11.30"]
[WhiteClock "0:00:10"]
[BlackClock "0:00:38"]

1. e4 c6 2. d4 d5 3. e5 Bf5 4. c3 e6 5. Bd3 Bxd3 6. Qxd3 f5 7. Ne2 g6 8. h4 h5 9. Nf4 Kf7 10. Qg3 Ne7 11. Na3 Bh6 12. Nh3 Bxc1 13. Rxc1 Qd7 14. Nc2 Na6 15. O-O Nc7 16. Ne1 Rag8 17. Nf3 Ke8 18. b4 Kd8 19. a4 Rg7 20. Nfg5 Ng8 21. Nf4 Nh6 22. b5 Ng4 23. bxc6 Qxc6 24. Rfd1 Re8 25. Qd3 a6 26. c4 dxc4 27. Rxc4 Qd7 28. Rdc1 Nd5 29. Rc8+ Ke7 30. Nxd5+ Qxd5 31. R1c7+ Kf8 32. Qa3+ Re7 33. Qxe7+ Kg8 34. Rxe8# 1-0


[Site "https://www.chess.com"]

[Event "Titled Tuesday Blitz November 29 Late 2022"]
[White "Fernandez Siles, Luis"]
[Black "Korchmar, Vasiliy"]
[WhiteFideId "2209420"]
[BlackFideId "24131750"]
[WhiteElo "2186"]
[BlackElo "2370"]
[Result "0-1"]
[Round "01"]
[TimeControl "180+1"]
[Date "2022.11.30"]
[WhiteClock "0:00:01"]
[BlackClock "0:00:03"]

1. d4 d5 2. c4 c6 3. Nc3 Nf6 4. cxd5 cxd5 5. Bf4 Nc6 6. e3 a6 7. Bd3 Bg4 8. Nge2 e6 9. O-O Bd6 10. f3 Bh5 11. Rc1 O-O 12. a3 Re8 13. Bxd6 Qxd6 14. Nf4 Bg6 15. Nxg6 hxg6 16. f4 Rac8 17. Na4 Nd7 18. b4 a5 19. b5 Ne7 20. Qb3 Nf5 21. Bxf5 exf5 22. Rc3 Qe7 23. Rfc1 Rxc3 24. Rxc3 Nf6 25. b6 Ne4 26. Rc7 Qh4 27. g3 Nxg3 28. Qxd5 Re6 29. Qd7 Ne2+ 30. Kf1 Qh3+ 31. Ke1 Rf6 32. Kxe2 Qg2+ 33. Kd3 Qf1+ 34. Kc3 Qc1+ 35. Kb3 Qd1+ 36. Rc2 Re6 37. Qd8+ Kh7 38. Qh4+ Kg8 39. Kb2 Re8 40. Nc5 Qf1 41. Qf2 Qb5+ 42. Nb3 Qxb6 43. Qd2 a4 44. Rc3 axb3 45. Rxb3 Qc6 46. Qc2 Qd5 0-1


[Site "https://www.chess.com"]

[Event "Titled Tuesday Blitz November 29 Late 2022"]
[White "Ferreira, Vitor Hugo Vieira"]
[Black "Bluebaum, Matthias"]
[WhiteFideId "2119765"]
[BlackFideId "24651516"]
[WhiteElo "2504"]
[BlackElo "2950"]
[Result "0-1"]
[Round "01"]
[TimeControl "180+1"]
[Date "2022.11.30"]
[WhiteClock "0:00:07"]
[BlackClock "0:00:29"]

1. Nf3 d5 2. g3 Nf6 3. Bg2 e6 4. O-O Be7 5. c4 O-O 6. cxd5 exd5 7. d3 c5 8. Nc3 d4 9. Ne4 Nxe4 10. dxe4 Nc6 11. e3 Bg4 12. h3 Be6 13. exd4 cxd4 14. Bf4 Rc8 15. Qa4 Qb6 16. Rfd1 Rfd8 17. Ne5 Nxe5 18. Bxe5 Rc4 19. Qb3 Rb4 20. Qd3 Bc4 21. Qc2 f6 22. Bf4 Bf7 23. b3 Bd6 24. Bxd6 Qxd6 25. Rac1 d3 26. Qc7 Qxc7 27. Rxc7 d2 28. Kf1 Bg6 29. f3 Be8 30. Ke2 Bb5+ 31. Ke3 Rd3+ 32. Kf2 Bc6 33. Bf1 Rd8 34. Bc4+ Kf8 35. Rf7+ Ke8 36. Rxg7 Rd6 37. Ke3 b5 38. Be2 Rbd4 39. Rxa7 f5 40. e5 Rd8 41. Rxh7 R8d5 42. Rh8+ Ke7 43. Rh7+ Kf8 44. f4 b4 45. Bf3 Rd3+ 46. Ke2 Rxf3 47. Kxf3 Rd7+ 48. Ke2 Rxh7 49. Rxd2 Rxh3 50. Rd6 Be4 51. Ke3 Rxg3+ 52. Kd4 Rf3 53. e6 Ke7 54. Ke5 Rd3 55. Rxd3 Bxd3 56. Kd4 Bb1 57. Kc5 Bxa2 58. Kxb4 Kxe6 59. Ka3 Bxb3 60. Kxb3 Kd5 61. Kc3 Ke4 62. Kd2 Kxf4 63. Ke2 Kg3 64. Kf1 Kf3 65. Kg1 Ke2 66. Kg2 f4 0-1


[Site "https://www.chess.com"]

[Event "Titled Tuesday Blitz November 29 Late 2022"]
[White "Firouzja, Alireza"]
[Black "Goncalves, Davi Sulzbacher"]
[WhiteFideId "12573981"]
[BlackFideId "2154510"]
[WhiteElo "3144"]
[BlackElo "2540"]
[Result "1-0"]
[Round "01"]
[TimeControl "180+1"]
[Date "2022.11.30"]
[WhiteClock "0:00:52"]
[BlackClock "0:00:02"]

1. d4 Nf6 2. Bg5 d5 3. e3 Bf5 4. c4 c6 5. Nc3 Nbd7 6. Nf3 e6 7. Qb3 Qb6 8. c5 Qxb3 9. axb3 a6 10. b4 Rc8 11. h3 h6 12. Bf4 Be7 13. Nd2 O-O 14. Nb3 Bd8 15. Na5 Bxa5 16. bxa5 Rfe8 17. Ra4 e5 18. dxe5 Ne4 19. Nxe4 Bxe4 20. Rb4 Nxc5 21. Kd2 Re7 22. f3 Bh7 23. Be2 Ne6 24. Bg3 c5 25. Rb6 c4 26. Rc1 Nc5 27. Ke1 Re6 28. Rd6 Nb3 29. Rd1 Rxd6 30. exd6 Bf5 31. Rxd5 Be6 32. Re5 Nc5 33. f4 Nd7 34. f5 Nxe5 35. fxe6 Nc6 36. e7 Nb8 37. Bg4 Re8 38. Ke2 g6 39. d7 Nxd7 40. Bxd7 Rxe7 41. Bc8 f5 42. Bd6 Rh7 43. Kd2 Kf7 44. Kc3 Kf6 45. Kxc4 g5 46. Kc5 h5 47. Kb6 g4 48. Bxb7 h4 49. Bxa6 Ke6 50. Bc7 Rd7 51. Bc8 1-0


[Site "https://www.chess.com"]

[Event "Titled Tuesday Blitz November 29 Late 2022"]
[White "Forgacs, Attila Jr."]
[Black "Zajic, Milan"]
[WhiteFideId "773654"]
[BlackFideId "912336"]
[WhiteElo "2168"]
[BlackElo "2445"]
[Result "1-0"]
[Round "01"]
[TimeControl "180+1"]
[Date "2022.11.30"]
[WhiteClock "0:00:07"]
[BlackClock "0:00:03"]

1. e4 c5 2. d3 g6 3. g3 Bg7 4. Bg2 Nc6 5. f4 d6 6. Nf3 e5 7. Nc3 Nge7 8. O-O exf4 9. Bxf4 O-O 10. Qd2 d5 11. exd5 Nxd5 12. Nxd5 Qxd5 13. Bh6 Bg4 14. Bxg7 Kxg7 15. Rae1 Rae8 16. Qc3+ Kg8 17. Ne5 Qxe5 18. Rxe5 Nxe5 19. Qxc5 b6 20. Qc7 Be2 21. Re1 Nf3+ 22. Bxf3 Bxf3 23. Rxe8 Rxe8 24. Qxa7 Re2 25. Qxb6 Rg2+ 26. Kf1 Rxc2 27. Qd8+ Kg7 28. Qd4+ Kg8 29. a4 g5 30. h3 h5 31. g4 Bg2+ 32. Kg1 Bxh3 33. Qd8+ Kh7 34. Qxg5 hxg4 35. Qh5+ Kg7 36. Qe5+ Kg6 37. a5 Rg2+ 38. Kh1 f5 39. a6 g3 40. Qe6+ Kg5 41. Qg8+ Kf4 42. Qc4+ Kf3 43. Qd5+ Kf2 44. Qc5+ Kf1 45. Qc1+ Kf2 46. Qf4+ Ke2 47. Qe5+ Kf1 48. Qf4+ Ke2 49. Qe5+ Kf3 50. Qd5+ Kf2 51. Qc5+ Kf1 52. Qc1+ Ke2 53. Qc2+ Kf3 54. Qd1+ Re2 55. a7 Ke3 56. Qxe2+ Kxe2 57. a8=Q f4 58. Qe4+ Kd1 59. Qxf4 g2+ 60. Kg1 Kc2 61. d4 1-0


[Site "https://www.chess.com"]

[Event "Titled Tuesday Blitz November 29 Late 2022"]
[White "Gasparyan, David"]
[Black "Dimitrov, Atanas"]
[WhiteFideId "13311980"]
[BlackFideId "2901315"]
[WhiteElo "2326"]
[BlackElo "2669"]
[Result "1-0"]
[Round "01"]
[TimeControl "180+1"]
[Date "2022.11.30"]
[WhiteClock "0:00:25"]
[BlackClock "0:00:02"]

1. d4 Nf6 2. Nc3 d5 3. Bg5 e6 4. e4 dxe4 5. Nxe4 Be7 6. Bxf6 gxf6 7. Nf3 b6 8. Bb5+ Bd7 9. Bd3 Bc6 10. Qe2 Nd7 11. O-O-O f5 12. Ng3 Nf6 13. Ne5 Bd7 14. Rhe1 c6 15. Nh5 Nd5 16. c3 Bg5+ 17. Kb1 Qe7 18. Ng7+ Kd8 19. Nh5 Kc7 20. a3 Rhg8 21. g3 Nf6 22. c4 Rad8 23. f4 Bh6 24. Nxf6 Qxf6 25. Qf3 Be8 26. Bc2 Bf8 27. Ba4 Rd6 28. c5 Rd5 29. cxb6+ axb6 30. Rc1 b5 31. Bxb5 Rxb5 32. Rxc6+ Kb8 33. Ra6 Rb7 34. Rc1 Bb5 35. Nc6+ Bxc6 36. Qxc6 Qd8 37. Qa4 Rc7 38. Ra8+ Kb7 39. Qa6# 1-0


[Site "https://www.chess.com"]

[Event "Titled Tuesday Blitz November 29 Late 2022"]
[White "Gatterer, Florian"]
[Black "Stearman, Josiah"]
[WhiteFideId "811688"]
[BlackFideId "2062496"]
[WhiteElo "2218"]
[BlackElo "2402"]
[Result "1/2-1/2"]
[Round "01"]
[TimeControl "180+1"]
[Date "2022.11.30"]
[WhiteClock "0:00:12"]
[BlackClock "0:00:07"]

1. c4 e5 2. Nc3 Nc6 3. Nf3 Bc5 4. e3 d6 5. Be2 a6 6. d4 exd4 7. exd4 Ba7 8. O-O Nge7 9. d5 Ne5 10. Nxe5 dxe5 11. Be3 Bxe3 12. fxe3 Nf5 13. Qd3 Qg5 14. Rf3 O-O 15. Ne4 Qe7 16. Raf1 Nd6 17. Nxd6 cxd6 18. e4 f5 19. R3f2 f4 20. g3 Bh3 21. Re1 Qg5 22. Bf1 Bd7 23. Bg2 fxg3 24. Qxg3 Qxg3 25. hxg3 Rxf2 26. Kxf2 b6 27. Ke3 a5 28. b3 Rf8 29. Rf1 Rxf1 30. Bxf1 Kf7 31. a3 Kf6 32. Be2 Kg5 33. b4 axb4 34. axb4 h5 35. Bd1 h4 36. gxh4+ Kxh4 37. Kf2 g5 38. Bf3 g4 39. Bg2 Ba4 40. Bf1 g3+ 41. Ke3 Kg4 42. Bg2 Bb3 43. c5 bxc5 44. bxc5 dxc5 45. d6 Be6 46. Bf1 c4 47. Bxc4 Bd7 48. Bf1 Kh4 49. Bg2 Bh3 50. Kf3 Bc8 51. Ke3 Bd7 52. Bf1 Kg4 53. Bg2 Bb5 54. Bf1 Ba4 55. Bg2 Be8 56. Bf1 Bc6 57. Bg2 Bd7 58. Bf1 Be8 59. Bg2 Bd7 60. Bf1 1/2-1/2


[Site "https://www.chess.com"]

[Event "Titled Tuesday Blitz November 29 Late 2022"]
[White "Girel, Joseph"]
[Black "Buchenau, Frank"]
[WhiteFideId "36033561"]
[BlackFideId "4604350"]
[WhiteElo "2281"]
[BlackElo "2157"]
[Result "1-0"]
[Round "01"]
[TimeControl "180+1"]
[Date "2022.11.30"]
[WhiteClock "0:02:03"]
[BlackClock "0:01:24"]

1. d4 e6 2. e4 d5 3. Nd2 c5 4. exd5 Qxd5 5. Ngf3 cxd4 6. Bc4 Qd6 7. O-O Nf6 8. Nb3 Nc6 9. Nbxd4 Nxd4 10. Nxd4 a6 11. Re1 Qc7 12. Bf1 Bd6 13. Nf5 Bxh2+ 14. Kh1 O-O 15. Nxg7 Kxg7 16. Qd2 Kh8 17. Qh6 Qe7 18. Bg5 Ng8 19. Bxe7 Nxh6 20. Bxf8 Ng4 21. f3 Bg3 22. fxg4 Bxe1 23. Rxe1 1-0


[Site "https://www.chess.com"]

[Event "Titled Tuesday Blitz November 29 Late 2022"]
[White "Girsh, Daniel"]
[Black "Deac, Bogdan-Daniel"]
[WhiteFideId "30949190"]
[BlackFideId "1226380"]
[WhiteElo "2530"]
[BlackElo "3070"]
[Result "0-1"]
[Round "01"]
[TimeControl "180+1"]
[Date "2022.11.30"]
[WhiteClock "0:00:06"]
[BlackClock "0:00:08"]

1. e4 c5 2. Nf3 a6 3. c4 d6 4. Nc3 e5 5. Be2 Nc6 6. O-O g6 7. Nd5 Bg7 8. a3 Nge7 9. b4 O-O 10. Rb1 f5 11. d3 f4 12. bxc5 dxc5 13. Nb6 Rb8 14. Nxc8 Qxc8 15. Ng5 Nd8 16. Bg4 Qc6 17. Bd2 h6 18. Nf3 b6 19. Bc3 Nf7 20. h4 Rbd8 21. Qc2 Qc7 22. h5 g5 23. Be6 Qd6 24. Bg4 Rb8 25. a4 a5 26. Rb5 Nc6 27. Rfb1 Nb4 28. Bxb4 axb4 29. a5 bxa5 30. Rxa5 Rfd8 31. Ne1 Qb6 32. Rb5 Qa7 33. Qb2 Nd6 34. Ra1 Nxb5 35. Rxa7 Nxa7 36. Nf3 Nc6 37. Be6+ Kh8 38. Bd5 Nd4 39. Nxd4 exd4 40. Qb3 Rd6 41. Kh2 Ra6 42. e5 Bxe5 43. Qd1 b3 44. Qe2 Bg7 45. Bb7 Rb6 46. Bd5 b2 47. Qe7 b1=Q 48. Qf7 Qxd3 49. f3 Rf6 50. Qe7 Rbf8 51. Be4 Qe3 52. Qe5 d3 53. Qd5 d2 54. Qd7 Qd4 55. Qa4 d1=Q 56. Qa7 Qxe4 57. fxe4 Qxh5+ 58. Kg1 f3 59. Qe7 f2+ 60. Kf1 Qd1# 0-1


[Site "https://www.chess.com"]

[Event "Titled Tuesday Blitz November 29 Late 2022"]
[White "Goltsev, Dmitry"]
[Black "Vasques, Antonio Pedro Freixial"]
[WhiteFideId "24176710"]
[BlackFideId "1908332"]
[WhiteElo "2289"]
[BlackElo "2243"]
[Result "1-0"]
[Round "01"]
[TimeControl "180+1"]
[Date "2022.11.30"]
[WhiteClock "0:00:15"]
[BlackClock "0:00:03"]

1. e4 c5 2. Nf3 Nc6 3. d4 cxd4 4. Nxd4 e5 5. Nb5 d6 6. N1c3 a6 7. Na3 b5 8. Nd5 Nge7 9. Be3 Nxd5 10. exd5 Ne7 11. c4 b4 12. Qa4+ Bd7 13. Qxb4 Rb8 14. Qxd6 Nc6 15. dxc6 Bxd6 16. cxd7+ Qxd7 17. c5 Be7 18. Nc4 O-O 19. Be2 Qc7 20. O-O Bxc5 21. Rac1 Bxe3 22. Nxe3 Qa5 23. a3 Qd2 24. Rc2 Qa5 25. Bc4 Kh8 26. h3 f5 27. Be6 e4 28. Rfc1 f4 29. Nd5 f3 30. Ne3 Qe5 31. Rc6 Qxb2 32. g4 Qxa3 33. Bf5 Qd3 34. R1c3 Rb1+ 35. Kh2 Qe2 36. Rc2 Qe1 37. h4 Qg1+ 38. Kh3 h5 39. Rg6 hxg4+ 40. Rxg4 Qh1+ 41. Kg3 Rg1+ 42. Kf4 Rxg4+ 43. Kxg4 a5 44. Bxe4 Qg1+ 45. Kh5 a4 46. Ng4 a3 47. Ne5 g6+ 48. Kh6 Kg8 49. Bd5+ Kh8 50. Nf7+ Kg8 51. Ng5+ Kh8 52. Rc7 1-0


[Site "https://www.chess.com"]

[Event "Titled Tuesday Blitz November 29 Late 2022"]
[White "Gonzalez, Francisco Silva"]
[Black "Boruchovsky, Avital"]
[WhiteFideId "1512285"]
[BlackFideId "2800055"]
[WhiteElo "2159"]
[BlackElo "2458"]
[Result "0-1"]
[Round "01"]
[TimeControl "180+1"]
[Date "2022.11.30"]
[WhiteClock "0:01:05"]
[BlackClock "0:00:15"]

1. d4 Nf6 2. c4 e5 3. dxe5 Ng4 4. e3 Nxe5 5. Nh3 Nbc6 6. Nf4 g6 7. h4 h5 8. Nc3 Bg7 9. Be2 d6 10. Qd2 O-O 11. b3 Bg4 12. f3 Bd7 13. Bb2 a6 14. Ncd5 Re8 15. Rc1 b5 16. cxb5 axb5 17. Ba1 Qb8 18. Kf2 Ra7 19. Rc2 Ne7 20. Nxe7+ Rxe7 21. Nd5 Re8 22. f4 c6 23. fxe5 cxd5 24. Qxd5 Bxe5 25. Bd4 Rc7 26. Rhc1 Rxc2 27. Rxc2 Qd8 28. g3 Qf6+ 29. Kg2 Bf5 30. Bxb5 Re7 31. Bd3 Bxd3 32. Rc8+ Kh7 33. Rh8+ Kxh8 34. Bxe5 Bf1+ 35. Kg1 Qxe5 36. Qa8+ Kg7 37. Kxf1 Qxe3 38. Qd5 Qe1+ 39. Kg2 Re2+ 0-1


[Site "https://www.chess.com"]

[Event "Titled Tuesday Blitz November 29 Late 2022"]
[White "Gorodetzky, David"]
[Black "D`Arruda, Ricardo D."]
[WhiteFideId "2813416"]
[BlackFideId "100692"]
[WhiteElo "2497"]
[BlackElo "2457"]
[Result "0-1"]
[Round "01"]
[TimeControl "180+1"]
[Date "2022.11.30"]
[WhiteClock "0:00:02"]
[BlackClock "0:00:09"]

1. e4 c5 2. Nf3 Nc6 3. Bb5 g6 4. O-O Bg7 5. Re1 Nf6 6. Bxc6 dxc6 7. d3 O-O 8. Bd2 Nd7 9. Qc1 Re8 10. a4 a5 11. Na3 e5 12. Nc4 Qc7 13. Bc3 f6 14. Nfd2 Nf8 15. f4 exf4 16. e5 fxe5 17. Nf3 Nd7 18. Nfxe5 Nxe5 19. Qxf4 Bf5 20. Bxe5 Bxe5 21. Rxe5 Rxe5 22. Qxe5 Qxe5 23. Nxe5 Re8 24. Re1 c4 25. Kf2 cxd3 26. Nxd3 Rxe1 27. Nxe1 Kf7 28. Ke3 Ke6 29. Kd4 b6 30. c3 c5+ 31. Kc4 Kd6 32. b4 cxb4 33. cxb4 Bd7 34. b5 Bf5 35. Kd4 h6 36. g3 h5 37. h4 Ke6 38. Nf3 Bc2 39. Ne5 Kd6 40. Nc4+ Kc7 41. Nb2 Kd6 42. Kc3 Be4 43. Kd4 Bc2 44. Kc3 Be4 45. Nc4+ Kc7 46. Ne5 Kd6 47. Kd4 Bc2 48. Nf7+ Kc7 49. Ne5 Bxa4 50. Nxg6 Bxb5 51. Nf4 Be8 52. Nd5+ Kb7 53. Nf6 Bf7 54. Nd7 a4 55. Ne5 Be8 56. Kc3 Ka6 57. Kb4 b5 58. Nd3 Kb6 59. Ne5 Ka6 60. Nd3 Kb6 61. Ne5 Kc7 62. Kc5 a3 0-1


[Site "https://www.chess.com"]